 Dungeon Crawl Stone Soup version 0.32-a0-953-g508020473e (webtiles) character file.

Game seed: 5436953634719445602

2236186 Sergey the Slayer (level 26, 242/256 HPs)
             Began as an Armataur Monk on Apr 16, 2024.
             Was an Elder of Nemelex Xobeh.
             Escaped with the Orb
             ... and 4 runes on Apr 17, 2024!
             The game lasted 02:39:25 (73887 turns).

Sergey the Slayer (Armataur Monk)                  Turns: 73887, Time: 02:39:25

Health: 242/256    AC: 60    Str: 27    XL:     26   Next: 51%
Magic:  45/45      EV:  5    Int: 13    God:    Nemelex Xobeh [****..]
Gold:   1113       SH: 14    Dex: 12    Spells: 24/25 levels left

rFire   + + .        w - +6 demon whip (drain)
rCold   + . .        J - +0 kite shield {AC+3}
rNeg    + . .        Q - +10 crystal plate armour of the Game of Kings {rPois rC+}
rPois   +            D - +0 helmet of Beogh's Favour {rElec MP+9}
rElec   +            u - +2 cloak {Will+}
rCorr   +            y - +2 pair of gloves
SInv    .            N - +4 barding
Will    +++..        X - amulet of Tepol {Regen+ Int+2} Stlth
                     m - ring of willpower
HPRegen 1.42/turn    V - ring "Yshufaup" {rF++ rC+ rN+ rCorr Dex-2, =R}
MPRegen 0.29/turn

%: roll
@: studying Polearms
A: large, deformed body, tough skin 3, armoured tail, rollpage 2, poison
resistance, cold vulnerability 1
0: Orb of Zot
}: 4/15 runes: decaying, slimy, silver, gossamer
a: Renounce Religion, Draw Escape, Draw Destruction, Draw Summoning, Draw Stack,
Triple Draw, Deal Four


You escaped.
You worshipped Nemelex Xobeh.
Nemelex Xobeh was greatly pleased with you.
You visited 11 branches of the dungeon, and saw 55 of its levels.
You also visited: Sewer, Gauntlet, Ice Cave and Volcano.

You collected 9956 gold pieces.
You spent 8843 gold pieces at shops.

Inventory:

Hand Weapons
 q - the +8 war axe "Egiabar" {speed, rF+}
   (You found it in a Gauntlet)

   rF+:       It protects you from fire.
 w - a +6 demon whip of draining (weapon)
 W - a +9 demon whip of chaos
Missiles
 d - 8 curare-tipped darts
 g - 47 boomerangs (quivered)
Armour
 t - a scarf of resistance
 u - a +2 cloak of willpower (worn)
 x - the +1 buckler of Makhleb's Regard {rF+ rC+ rN+}
   (You found it in a Gauntlet)

   rF+:       It protects you from fire.
   rC+:       It protects you from cold.
   rN+:       It protects you from negative energy.
 y - a +2 pair of gloves (worn)
 D - the +0 helmet of Beogh's Favour (worn) {rElec MP+9}
   (You bought it in a shop on level 2 of the Depths)

   rElec:     It insulates you from electricity.
   MP+9:      It affects your magic capacity (+9).
 J - a +0 kite shield of protection (worn)
 N - a +4 barding (worn)
 Q - the +10 crystal plate armour of the Game of Kings (worn) {rPois rC+}
   (You bought it in a shop on level 2 of the Orcish Mines)

   rC+:       It protects you from cold.
   rPois:     It protects you from poison.
Jewellery
 b - the ring of Qaukit {Ice rElec Slay+3}
   (You found it on level 5 of the Pits of Slime)

   [ring of ice]

   Ice:       It enhances your ice magic.
   Slay+3:    It affects your accuracy & damage with ranged weapons and melee
   (+3).
   rF-:       It makes you vulnerable to fire.
   rC+:       It protects you from cold.
   rElec:     It insulates you from electricity.
 m - a ring of willpower (left hand)
 s - the ring of Inyv {rElec rPois Str-3 SInv Stlth+}
   (You found it on level 3 of the Crypt)

   [ring of see invisible]

   Str-3:     It affects your strength (-3).
   rElec:     It insulates you from electricity.
   rPois:     It protects you from poison.
   SInv:      It lets you see invisible.
   Stlth+:    It makes you more stealthy.
 T - a +5 ring of evasion
 U - a +4 ring of slaying
 V - the ring "Yshufaup" (right hand) {rF++ rC+ rN+ rCorr Dex-2, =R}
   (You bought it in a shop on level 2 of the Depths)

   [ring of positive energy]

   Dex-2:     It affects your dexterity (-2).
   rF++:      It greatly protects you from fire.
   rC+:       It protects you from cold.
   rN+:       It protects you from negative energy.
   rCorr:     It protects you from acid and corrosion.
 X - the amulet of Tepol (around neck) {Regen+ Int+2}
   (You found it on level 5 of the Pits of Slime)

   [amulet of regeneration]

   Int+2:     It affects your intelligence (+2).
   Regen+:    It increases your rate of health regeneration.
 Z - the ring of Xiraell {rN+ rCorr SInv}
   (You found it in a Gauntlet)

   [ring of resist corrosion]

   rN+:       It protects you from negative energy.
   SInv:      It lets you see invisible.
   rCorr:     It protects you from acid and corrosion.
Wands
 c - a wand of light (21)
 v - a wand of digging (4)
 G - a wand of warping (40)
 P - a wand of mindburst (28)
 S - a wand of paralysis (57)
Scrolls
 e - 3 scrolls of fear
 f - 3 scrolls of revelation {@r5}
 k - 14 scrolls of teleportation {@r3}
 l - a scroll of butterflies
 r - 3 scrolls of vulnerability {!r}
 E - 3 scrolls of immolation
 F - 2 scrolls of silence {!r}
 K - 4 scrolls of blinking {@r4}
Potions
 a - a potion of berserk rage
 h - 3 potions of magic
 i - 5 potions of mutation
 j - 2 potions of resistance
 n - 9 potions of curing {@q2}
 p - a potion of invisibility
 z - 7 potions of heal wounds {@q1}
 A - 7 potions of enlightenment
 H - 3 potions of cancellation
 I - 4 potions of might {@q3}
 M - 2 potions of haste {@q5}
 Y - 3 potions of lignification
Miscellaneous
 o - a phial of floods
 B - a tin of tremorstones (1/2)
 C - a sack of spiders (inert)
 O - a phantom mirror
 R - a lightning rod (4/4)


   Skills:
 + Level 24.4 Fighting
 - Level 8.4(14.1) Axes
 - Level 19.2(20.0) Maces & Flails
 - Level 24.0 Armour
 - Level 12.0 Dodging
 - Level 18.0 Shields
 - Level 18.0 Invocations
 - Level 10.0 Evocations


You had 24 spell levels left.
You knew the following spells:

 Your Spells              Type           Power      Damage    Failure   Level
j - Apportation           Tloc           0%         N/A       98%         1

Your spell library contained the following spells:

 Spells                   Type           Power      Damage    Failure   Level
 Freeze                   Ice            0%         1d3       98%         1
 Kiss of Death            Conj/Necr      0%         2d5       98%         1
 Magic Dart               Conj           0%         1d3       98%         1
 Necrotise                Necr           0%         1d4       98%         1
 Shock                    Conj/Air       0%         1d3       98%         1
 Sting                    Conj/Alch      0%         1d3       98%         1
 Summon Small Mammal      Summ           0%         N/A       98%         1
 Blink                    Tloc           0%         N/A       99%         2
 Call Imp                 Summ           0%         N/A       99%         2
 Cigotuvi's Dreadful Rot  Necr/Alch/Air  0%         N/A       99%         2
 Ensorcelled Hibernation  Hex/Ice        0%         N/A       99%         2
 Jinxbite                 Hex            0%         N/A       99%         2
 Lesser Beckoning         Tloc           0%         N/A       99%         2
 Mercury Vapours          Alch/Air       0%         N/A       99%         2
 Momentum Strike          Conj/Tloc      0%         3d8       99%         2
 Searing Ray              Conj           0%         2d4       99%         2
 Static Discharge         Conj/Air       0%         3-3/arc   99%         2
 Call Canine Familiar     Summ           0%         N/A       100%        3
 Dazzling Flash           Conj/Hex       0%         N/A       100%        3
 Fugue of the Fallen      Necr           0%         N/A       100%        3
 Hailstorm                Conj/Ice       0%         3d5       100%        3
 Maxwell's Portable Pile  Tloc           0%         2d(5-13)  100%        3
 Mephitic Cloud           Conj/Alch/Air  0%         N/A       100%        3
 Ozocubu's Armour         Ice            0%         N/A       100%        3
 Sigil of Binding         Hex            0%         N/A       100%        3
 Summon Ice Beast         Ice/Summ       0%         N/A       100%        3
 Teleport Other           Tloc           0%         N/A       100%        3
 Tukima's Dance           Hex            0%         N/A       100%        3
 Volatile Blastmotes      Fire/Tloc      0%         2d10      100%        3
 Anguish                  Hex/Necr       0%         N/A       100%        4
 Animate Armour           Summ/Erth      0%         N/A       100%        4
 Animate Dead             Necr           0%         N/A       100%        4
 Brom's Barrelling Bould  Conj/Erth      0%         2d3       100%        4
 Cause Fear               Hex            0%         N/A       100%        4
 Dimensional Bullseye     Hex/Tloc       0%         N/A       100%        4
 Flame Wave               Conj/Fire      0%         2d4       100%        4
 Fulminant Prism          Conj/Alch      0%         3d5       100%        4
 Ignite Poison            Fire/Alch      0%         N/A       100%        4
 Iskenderun's Mystic Bla Conj/Tloc 0%             2d3        (+2d1     100%        4
 Martyr's Knell           Necr/Summ      0%         N/A       100%        4
 Olgreb's Toxic Radiance  Alch           0%         N/A       100%        4
 Passage of Golubria      Tloc           0%         N/A       100%        4
 Petrify                  Alch/Erth      0%         N/A       100%        4
 Sticky Flame             Fire/Alch      0%         2d4       100%        4
 Summon Blazeheart Golem  Fire/Summ      0%         N/A       100%        4
 Vhi's Electric Charge    Tloc/Air       0%         N/A       100%        4
 Alistair's Intoxication  Alch           0%         N/A       100%        5
 Arcjolt                  Conj/Air       0%         1d10      100%        5
 Borgnjor's Vile Clutch   Necr/Erth      0%         N/A       100%        5
 Fireball                 Conj/Fire      0%         3d3       100%        5
 Freezing Cloud           Conj/Ice/Air   0%         6-21      100%        5
 Irradiate                Conj/Alch      0%         3d11      100%        5
 Iskenderun's Battlesphe  Conj           0%         2d6       100%        5
 Lee's Rapid Deconstruct  Erth           0%         3d4*      100%        5
 Silence                  Hex/Air        0%         N/A       100%        5
 Summon Mana Viper        Hex/Summ       0%         N/A       100%        5
 Yara's Violent Unravell  Hex/Alch       0%         3d3       100%        5
 Bombard                  Conj/Erth      0%         9d1       100%        6
 Conjure Ball Lightning   Conj/Air       0%         3x3d6     100%        6
 Death Channel            Necr           0%         N/A       100%        6
 Dispersal                Tloc           0%         N/A       100%        6
 Eringya's Noxious Bog    Alch           0%         4d6       100%        6
 Gell's Gavotte           Tloc           0%         2d(11-16) 100%        6
 Permafrost Eruption      Ice/Erth       0%         2x4d1     100%        6
 Plasma Beam              Fire/Air       0%         2x1d10    100%        6
 Sculpt Simulacrum        Ice/Alch       0%         N/A       100%        6
 Starburst                Conj/Fire      0%         6d3       100%        6
 Enfeeble                 Hex            0%         N/A       100%        7
 Magnavolt                Erth/Air       0%         3d9       100%        7
 Manifold Assault         Tloc           0%         N/A       100%        7
 Monstrous Menagerie      Summ           0%         N/A       100%        7
 Orb of Destruction       Conj           0%         9d5       100%        7
 Ozocubu's Refrigeration  Ice            0%         4d7       100%        7
 Discord                  Hex            0%         N/A       100%        8
 Disjunction              Tloc           0%         N/A       100%        8
 Fulsome Fusillade        Conj/Alch      0%         (3-5)d4   100%        8
 Ignition                 Fire           0%         3d3       100%        8
 Maxwell's Capacitive Co  Air            0%         ∞         100%        8
 Summon Horrible Things   Summ           0%         N/A       100%        8
 Chain Lightning          Conj/Air       0%         N/A       100%        9
 Dragon's Call            Summ           0%         N/A       100%        9
 Fire Storm               Conj/Fire      0%         5d1       100%        9


Dungeon Overview and Level Annotations

Branches:
Dungeon (15/15)            Temple (0/1) D:6            Lair (5/5) D:8
  Swamp (4/4) Lair:2       Spider (4/4) Lair:2        Slime (5/5) Lair:5
    Orc (2/2) D:11            Elf (3/3) Orc:2        Vaults (5/5) D:13
  Crypt (3/3) Vaults:2       Tomb (0/3) Crypt:3      Depths (4/4) D:15
    Zot (5/5) Depths:4      Sewer (visited)           IceCv (visited)
Volcano (visited)         Gauntlet (visited)

Altars:
Dithmenos
Fedhas
Kikubaaqudgha
Nemelex Xobeh
Sif Muna
Yredelemnul
Beogh
Jiyva

Shops:
Orc:1 :   Orc:2 ?([(   Elf:3 *   Vaults:1 !   Depths:1 *   Depths:2 *
Depths:3 :

Portals:
Hell: Depths:1 Depths:2 Depths:3 Depths:4
Abyss: D:14 Depths:3 Depths:4
Pandemonium: Depths:2
Ziggurat: Depths:2

Annotations:
D:1 exclusion: 2 downstairs
D:3 1 runed translucent door, 1 exclusion, Crazy Yiuf
D:4 exclusion: downstairs
D:7 exclusion: downstairs
D:9 exclusion: upstairs
Lair:1 exclusions: bush, golden eye and oklob plant
Swamp:2 exclusion: downstairs
Spider:1 exclusion: downstairs
Elf:1 Roxanne
Depths:1 3 runed translucent doors, 5 exclusions, Muobrit's ghost, veteran FoHs
Depths:2 exclusions:
Hell Sentinel and 3 more exclusions


Innate Abilities, Weirdness & Mutations

Armour fits poorly on your strangely shaped body.
You have extremely tough skin. (AC +3)
You have a long armoured tail.
You regenerate magic and health when rolling toward enemies. (Rampage Regen)
Your system is resistant to poisons. (rPois)
You are vulnerable to cold. (rC-)


Message History

The angel is almost dead.
The angel hits you but does no damage. x2
You miss the angel.
The angel is almost dead.
The angel completely misses you. The angel hits you but does no damage.
You hit the angel.
The angel is almost dead.
The angel gestures.
The angel is healed somewhat.
You miss the angel. You tail-slap the angel.
The angel is almost dead.
You completely miss the angel.
Your tail-slap misses the angel.
The angel is almost dead.
The angel gestures.
The angel is healed somewhat.
You whack the angel!
The angel is severely wounded.
The angel hits you with a +1 whip of holy wrath!
The angel hits you but does no damage.
You thrash the angel!!
You kill the angel!
No target in view!
No target in view!
No target in view!
You open the door.
There is an open door here.
You see here a +0 dagger.
There is a stone staircase leading up here.
You climb upwards.
Level annotation: exclusion: 2 downstairs
There is a stone staircase leading down here.
There is an open door here.
A Hell Sentinel comes into view.
Blink to where?
Press: ? - help, Dir - move target
As you read the scroll of blinking {@r4}, it crumbles to dust.
Unknown command.
The Hell Sentinel gestures at something.
The sphere of damnation explodes!
The damnation engulfs you!
You have escaped!

############ #'# #.##...# .# #.#
#......# .# #.# #......# .# #.#
#......# .# ##.## #......##### .#
##...## #........... .#
##..ß..########......
.############.......#######.#....
........'..1..ß.@.ß.....'.#.#....
.######.#####.......#####...#....
........######..ß..## ###.#....
...........# ##...## #.###.#
........##.# ##.## ##......
######...#.### #.# #...#...
......#......###.# ###.....#.
#####......#..##.#######.........
### #......##..#'#..............#


You could see a Hell Sentinel.

Vanquished Creatures
  the Royal Jelly (Slime:5)
  5 dread liches
  Frederick (Crypt:2)
  6 ancient liches
  3 orbs of fire (Zot:5)
  Mara (Vaults:5)
  Mennas (Vaults:5)
  A juggernaut (Depths:2)
  Sojobo (Crypt:3)
  Boris (twice) (Vaults:2 Depths:3)
  Bai Suzhen (Spider:3)
  3 Killer Klowns (Zot:5)
  3 curse toes
  Saint Roka (Vaults:4)
  A shard shrike (Zot:5)
  3 caustic shrikes
  8 golden dragons
  Nikola (Swamp:2)
  Arachne (Spider:3)
  A profane servitor (D:14)
  Norris (Vaults:2)
  A bone dragon (Crypt:3)
  3 doom hounds (Crypt:1)
  2 electric golems
  Jorgrun (Swamp:2)
  A hellephant (Zot:5)
  24 Orb Guardians (Zot:5)
  4 liches
  Grunn (Crypt:1)
  A shard shrike skeleton (Crypt:3)
  8 tentacled monstrosities
  A walking divine tome (Depths:2)
  9 titans
  3 deep elf blademasters
  5 sphinxes
  5 acid blobs (Slime:5)
  6 quicksilver dragons
  2 deep elf master archers (Elf:3)
  2 ancient champions
  A death cob (Zot:3)
  10 storm dragons
  12 tengu reavers
  Aizul (Swamp:4)
  5 shadow dragons
  8 draconian knights
  9 rockslimes
  9 draconian monks
  A revenant (Crypt:1)
  Donald (Swamp:1)
  6 draconian shifters
  A fenstrider witch (Swamp:4)
  An azure jelly (Slime:5)
  4 emperor scorpions
  7 protean progenitors
  A caustic shrike zombie (Crypt:3)
  Louise (Spider:1)
  10 vault wardens
  5 deep elf sorcerers (Elf:3)
  6 fire giants
  7 draconian scorchers
  12 frost giants
  6 deep elf elementalists (Elf:3)
  4 ghost moths
  A curse skull (Crypt:2)
  3 reapers (Crypt:1)
  4 ghouls
  3 draconian stormcallers
  5 orc warlords
  A spriggan defender (Depths:3)
  3 angels
  6 draconian annihilators
  9 quicksilver oozes
  A caustic shrike skeleton (Crypt:3)
  2 formless jellyfish
  3 ironbound thunderhulks
  14 ironbound preservers
  10 stone giants
  11 very ugly things
  7 vampire knights
  5 eleionomae
  2 deep elf demonologists
  12 green draconians
  2 broodmothers (Zot:2)
  4 black draconians
  2 putrid mouths (Crypt:1)
  5 dire elephants
  The ghost of Koneso the Eclecticist, a journeyman DjCj of Ashenzari (D:14)
  6 purple draconians
  15 white draconians
  2 bunyips
  9 yellow draconians
  8 deep elf death magi
  7 war gargoyles
  7 deep elf annihilators
  A blizzard demon (Depths:4)
  2 eidola
  11 spark wasps
  14 red draconians
  Snorg (D:10)
  20 ettins
  5 deep elf high priests
  20 yaktaur captains
  24 jiangshi
  Fannar (Lair:2)
  3 crystal guardians (Crypt:3)
  2 spriggan zombies (Crypt:3)
  Harold (Lair:2)
  7 fire dragons
  Josephine (D:10)
  5 entropy weavers
  A hell beast (D:14)
  A peacekeeper (Vaults:3)
  A quicksilver dragon skeleton (Crypt:3)
  7 spriggan air magi
  A caustic shrike simulacrum (Crypt:1)
  5 ice dragons
  8 great orbs of eyes
  A sphinx zombie (Crypt:1)
  20 hydras
  4 rakshasas
  2 jorogumos
  27 vault guards
  A catoblepas (D:14)
  7 alligators
  4 radroaches
  34 dancing weapons
  2 ghost crabs
  8 deep troll shamans
  4 two-headed ogres
  2 anacondas
  10 boulder beetles
  10 ironbound frosthearts
  6 centaur warriors
  A death knight (Crypt:1)
  6 death yaks
  4 orc high priests
  10 deep troll earth magi
  6 demonic crawlers
  2 shock serpents (shapeshifter)
  4 tengu warriors
  7 occultists
  10 vampire magi
  A spriggan berserker (Depths:2)
  An emperor scorpion zombie (Crypt:1)
  13 hell knights
  2 shock serpents
  A sun demon (Depths:2)
  6 skysharks
  9 soul eaters
  15 deep elf knights
  10 iron trolls
  A storm dragon zombie (Depths:1)
  7 pharaoh ants
  A spark wasp zombie (Depths:1)
  A fire crab (Slime:5)
  An anaconda zombie (Crypt:2)
  15 skeletal warriors
  A death drake (shapeshifter) (Vaults:5)
  6 deep elf archers
  2 shadow wraiths
  A deep troll (shapeshifter) (Vaults:5)
  3 glowing orange brains
  3 goliath frogs
  9 bog bodies
  43 deep trolls
  8 orb spiders
  An obsidian statue (Zot:5)
  A sun moth (shapeshifter) (Vaults:5)
  2 bunyip skeletons (Crypt:3)
  3 arcanists
  3 death drakes (Depths:4)
  10 swamp dragons
  A sun moth (Spider:4)
  12 necromancers
  7 lindwurms
  6 harpies
  14 ironbound convokers
  10 orc knights
  2 thermic dynamos (Elf:1)
  A harpy (shapeshifter) (Vaults:5)
  7 phantasmal warriors
  An obsidian bat (Orc:2)
  17 deep elf pyromancers
  20 deep elf zephyrmancers
  An oklob plant (Swamp:4)
  3 fauns (Zot:2)
  14 wolf spiders
  6 steelbarb worms
  3 manticores
  34 ugly things
  6 cyclopes
  3 orc sorcerers (Orc:2)
  3 will-o-the-wisps
  A shining eye (Slime:3)
  A salamander (D:15)
  19 elephants
  A meliai (shapeshifter) (Vaults:5)
  6 meliai
  13 moths of wrath
  2 ice statues (IceCv)
  A dire elephant zombie (Crypt:3)
  2 black mambas
  A formless jellyfish zombie (Crypt:1)
  An eye of devastation (Slime:5)
  2 water nymphs (Swamp:2)
  10 kobold blastminers
  Joseph (D:8)
  12 vault sentinels
  A titan simulacrum (Crypt:1)
  A guardian serpent (Swamp:4)
  8 torpor snails
  A gargoyle (D:12)
  4 cane toads
  3 unseen horrors
  Jeremiah (D:6)
  5 rime drakes
  3 large abominations (Elf:1)
  2 efreet (D:14)
  A komodo dragon (shapeshifter) (Depths:3)
  15 yaktaurs
  2 freezing wraiths
  6 komodo dragons
  2 tormentors
  5 tengu conjurers
  A grey draconian skeleton (Crypt:2)
  A hydra zombie (Crypt:1)
  4 ice devils (IceCv)
  A steelbarb worm zombie (Crypt:1)
  A death drake zombie (Crypt:1)
  A yaktaur (shapeshifter) (D:13)
  A black draconian skeleton (Crypt:1)
  A great orb of eyes zombie (Crypt:1)
  4 harpy zombies (Crypt:1)
  A queen bee (shapeshifter) (Elf:2)
  A merfolk (Slime:5)
  4 trolls
  Grinder (D:3)
  9 tyrant leeches
  2 harpy skeletons
  2 wind drakes (Lair:5)
  5 hornets
  7 polar bears
  5 dream sheep
  A jumping spider zombie (Crypt:2)
  A radroach zombie (Crypt:1)
  19 tarantellas
  5 blink frogs (Lair:5)
  3 glass eyes
  22 jumping spiders
  A raiju (Vaults:5)
  Sigmund (D:2)
  A merfolk zombie (Crypt:3)
  68 slime creatures
  A snapping turtle (shapeshifter) (Vaults:2)
  An ice dragon skeleton (Crypt:2)
  2 vampires
  23 culicivoras
  2 water elementals (Elf:1)
  21 shadows
  3 air elementals
  5 spriggans
  A dire elephant simulacrum (IceCv)
  7 wraiths
  28 yaks
  7 wyverns
  2 fire elementals
  3 golden eyes
  7 basilisks
  7 wargs
  A redback (shapeshifter) (Vaults:5)
  A steam dragon (D:10)
  3 hogs
  A death yak simulacrum (IceCv)
  51 redbacks
  16 vampire mosquitoes
  A fire bat zombie (Crypt:1)
  Menkaure (D:4)
  A harpy simulacrum (IceCv)
  3 acid dragons
  A naga zombie (Crypt:3)
  A swamp worm (shapeshifter) (Vaults:5)
  A water nymph skeleton (Crypt:2)
  6 swamp worms
  A hell hound (D:14)
  9 water moccasins
  8 swamp drakes
  30 orc warriors
  2 sky beasts
  An ice beast (D:8)
  A tengu (Vaults:5)
  6 ogres
  2 black bears
  37 laughing skulls
  21 wolves
  3 centaurs
  A blink frog skeleton (Crypt:2)
  A brain worm (Vaults:2)
  2 kobold brigands
  4 elf zombies (Elf:1)
  10 bullfrogs
  3 earth elementals (Elf:2)
  A gnoll sergeant (D:7)
  5 scorpions
  7 wights (D:6)
  A two-headed ogre simulacrum (IceCv)
  An elephant simulacrum (IceCv)
  6 killer bees
  A raiju skeleton (Crypt:1)
  5 electric eels
  3 howler monkeys
  3 jellies (Lair:5)
  A bombardier beetle (D:5)
  2 quasits (Sewer)
  4 hounds
  22 orc priests
  A sleepcap (D:5)
  Jessica (D:2)
  A gnoll bouda (D:5)
  7 hell rats (Lair:4)
  3 iguanas
  11 orc wizards
  A polar bear simulacrum (IceCv)
  A wolf simulacrum (Lair:3)
  10 gnolls
  9 adders
  A naga simulacrum (IceCv)
  A river rat (D:6)
  6 shadow imps
  2 white imps
  2 ufetubi (Sewer)
  An iguana skeleton (Crypt:1)
  3 dart slugs
  7 ribbon worms
  68 orcs
  10 endoplasms
  A giant cockroach (D:1)
  2 goblins
  4 hobgoblins
  A quokka (D:3)
  5 ball pythons
  3 bats
  2 frilled lizards
  A goblin skeleton (Crypt:2)
  28 kobolds
  2 rats (D:3)
  3 aspiring fleshes
2025 creatures vanquished.

Vanquished Creatures (collateral kills)
  Vv (Vaults:2)
  A Killer Klown (Zot:5)
  A caustic shrike (Depths:3)
  Jory (Vaults:4)
  An electric golem (Zot:5)
  A lich (Depths:3)
  An Orb Guardian (Zot:5)
  4 acid blobs (Slime:5)
  An ancient champion (Vaults:2)
  A storm dragon (Depths:3)
  A tengu reaver (Vaults:2)
  An azure jelly (Slime:5)
  A reaper (IceCv)
  2 quicksilver oozes (Slime:5)
  A green draconian (Depths:4)
  A purple draconian (Zot:5)
  A yaktaur captain (Vaults:1)
  2 entropy weavers
  A hydra (Swamp:4)
  A vault guard (Vaults:3)
  A merfolk avatar (Lair:5)
  Erica (D:8)
  2 ironbound frosthearts (Vaults:2)
  A death yak (Lair:2)
  A two-headed ogre (D:11)
  2 boulder beetles
  A dancing weapon (Elf:2)
  A pharaoh ant (Spider:3)
  A sea snake (Lair:5)
  3 deep trolls
  A deep troll (shapeshifter) (Vaults:2)
  2 orb spiders
  An ironbound convoker (Vaults:2)
  2 swamp dragons (Swamp:4)
  2 phantasmal warriors (Vaults:5)
  3 orc knights
  A lindwurm (Vaults:1)
  A faun (Vaults:5)
  4 shining eyes
  2 cyclopes (D:15)
  A wolf spider (Spider:4)
  An elephant (Lair:4)
  3 kobold blastminers (Orc:2)
  2 vault sentinels (Vaults:1)
  A cane toad (Lair:5)
  A komodo dragon (shapeshifter) (Vaults:5)
  A freezing wraith (D:15)
  An ice devil (IceCv)
  A rime drake (Lair:5)
  A red devil (D:2)
  2 trolls
  A wind drake (Lair:5)
  3 tarantellas
  4 jumping spiders
  A dream sheep (Lair:3)
  A glass eye (Slime:5)
  A slime creature (Slime:5)
  2 culicivoras
  A dire elephant simulacrum (IceCv)
  A golden eye (Gauntlet)
  A death yak simulacrum (Lair:3)
  5 redbacks
  A warg (Orc:2)
  A faun zombie (Crypt:2)
  8 orc warriors
  A swamp drake (Swamp:4)
  A boggart (Vaults:2)
  4 wolves (Lair:3)
  2 orc priests
  9 orc wizards
  A polar bear simulacrum (Lair:3)
  A wolf simulacrum (Lair:3)
  A gnoll (D:5)
  An adder (D:3)
  15 orcs
  A hobgoblin (shapeshifter) (D:15)
141 creatures vanquished.

Vanquished Creatures (others)
  A sphinx (Vaults:5)
  A draconian monk (Zot:3)
  An iron dragon (Depths:2)
  A black draconian (Zot:5)
  A deep elf pyromancer (Vaults:5)
  A deep elf zephyrmancer (Elf:1)
  A lindwurm (Vaults:2)
  A moth of wrath (Zot:5)
  A yaktaur (Vaults:5)
  A tyrant leech (Swamp:4)
  A yak (shapeshifter) (D:14)
  2 redbacks
  An orc warrior (Orc:2)
  A centaur (Spider:2)
  A howler monkey (Vaults:5)
  2 endoplasms (Sewer)
  8 foxfires
26 creatures vanquished.

Grand Total: 2192 creatures vanquished

Notes
Turn   | Place    | Note
-------+----------+-------------------------------------------
     0 | D:1      | Sergey the Armataur Monk began the quest for the Orb.
     0 | D:1      | Reached XP level 1. HP: 18/18 MP: 1/1
  2229 | D:2      | Reached skill level 1 in Armour
  2281 | D:2      | Reached XP level 2. HP: 26/26 MP: 2/2
  2332 | D:2      | Found a faded altar of an unknown god.
  2989 | D:2      | Identified the staff of Leriabox {rElec rC+ Dex+4 Air}
  2989 | D:2      | Noticed Jessica
  3114 | D:2      | Reached XP level 3. HP: 24/31 MP: 3/3
  3341 | D:2      | Noticed Sigmund
  3358 | D:2      | Killed Sigmund
  3359 | D:2      | Reached XP level 4. HP: 34/40 MP: 4/4
  3359 | D:2      | Reached XP level 5. HP: 39/46 MP: 5/5
  3572 | D:2      | Killed Jessica
  3761 | D:2      | Prayed at the altar of an unknown god.
  3761 | D:2      | Became a worshipper of Nemelex Xobeh the Trickster
  3761 | D:2      | Reached * piety under Nemelex Xobeh
  3761 | D:2      | Received a gift from Nemelex Xobeh
  3761 | D:2      | Reached ** piety under Nemelex Xobeh
  3820 | D:3      | Reached *** piety under Nemelex Xobeh
  4343 | D:3      | Noticed Grinder
  4358 | D:3      | Killed Grinder
  4359 | D:3      | Reached skill level 5 in Fighting
  4359 | D:3      | Reached XP level 6. HP: 56/56 MP: 6/6
  4378 | D:3      | Received a gift from Nemelex Xobeh
  4509 | D:3      | Found a runed translucent door.
  4510 | D:3      | Noticed Crazy Yiuf
  4944 | D:4      | Gained mutation: You regenerate magic and health when
                  | rolling toward enemies. (Rampage Regen) [Armataur growth]
  4944 | D:4      | Reached XP level 7. HP: 61/61 MP: 7/7
  5238 | D:4      | Noticed Menkaure
  5243 | D:4      | Killed Menkaure
  5565 | D:5      | Entered Level 5 of the Dungeon
  5565 | D:5      | Received a gift from Nemelex Xobeh
  5993 | D:5      | Reached skill level 5 in Maces & Flails
  6132 | D:5      | Reached XP level 8. HP: 70/70 MP: 8/8
  6292 | D:5      | Reached **** piety under Nemelex Xobeh
  6682 | D:6      | Found a glowing drain.
  6720 | Sewer    | Entered a sewer
  6840 | Sewer    | Found a burning altar of Makhleb.
  7202 | D:6      | Reached skill level 5 in Armour
  7243 | D:6      | Received a gift from Nemelex Xobeh
  7262 | D:6      | Found a shadowy altar of Dithmenos.
  7529 | D:6      | Noticed Jeremiah
  7553 | D:6      | Killed Jeremiah
  7554 | D:6      | Reached XP level 9. HP: 78/78 MP: 12/12
  7556 | D:6      | Noticed Maggie
  7559 | D:6      | Maggie changed into Maggie the river rat
  7559 | D:6      | Noticed Maggie
  7564 | D:6      | Killed Maggie the river rat
  7763 | D:6      | Received a gift from Nemelex Xobeh
  7850 | D:6      | Found a staircase to the Ecumenical Temple.
  8241 | D:7      | Reached ***** piety under Nemelex Xobeh
  8403 | D:8      | Noticed a two-headed ogre
  8472 | D:8      | Killed a two-headed ogre
  8503 | D:8      | Reached skill level 5 in Invocations
  8517 | D:8      | Reached XP level 10. HP: 61/88 MP: 14/14
  8755 | D:8      | Noticed Joseph
  8762 | D:8      | Killed Joseph
  8838 | D:8      | Received a gift from Nemelex Xobeh
  8843 | D:8      | Found a staircase to the Lair.
  8887 | D:8      | Noticed Erica
  8893 | D:8      | Killed Erica
  9280 | D:8      | Received a gift from Nemelex Xobeh
  9709 | D:9      | Received a gift from Nemelex Xobeh
  9840 | D:9      | Received a gift from Nemelex Xobeh
 10962 | D:10     | Entered Level 10 of the Dungeon
 10962 | D:10     | Noticed Snorg
 10972 | D:10     | Killed Snorg
 11115 | D:10     | Received a gift from Nemelex Xobeh
 11119 | D:10     | Reached XP level 11. HP: 86/97 MP: 15/15
 11664 | D:10     | Noticed Josephine
 11678 | D:10     | Killed Josephine
 11863 | D:11     | Received a gift from Nemelex Xobeh
 11949 | D:11     | Noticed a two-headed ogre
 11962 | D:11     | a two-headed ogre changed into a hog
 12049 | D:11     | Noticed a two-headed ogre
 12059 | D:11     | Killed a two-headed ogre
 12060 | D:11     | Reached skill level 10 in Armour
 12088 | D:11     | Noticed a two-headed ogre
 12102 | D:11     | Killed a two-headed ogre
 12282 | D:11     | Reached skill level 10 in Fighting
 12337 | D:11     | Reached skill level 10 in Maces & Flails
 12421 | D:11     | Noticed a boulder beetle
 12432 | D:11     | Killed a boulder beetle
 12433 | D:11     | Reached skill level 5 in Evocations
 12660 | D:11     | Found a staircase to the Orcish Mines.
 12692 | D:11     | Noticed a brown ugly thing
 12701 | D:11     | Killed a brown ugly thing
 12828 | Lair:1   | Entered Level 1 of the Lair of Beasts
 13234 | Lair:1   | Found a dark tunnel.
 13362 | Volcano  | Entered a volcano
 13442 | Lair:1   | Reached XP level 12. HP: 107/107 MP: 16/16
 13793 | Lair:1   | Received a gift from Nemelex Xobeh
 14046 | Lair:2   | Noticed a five-headed hydra
 14054 | Lair:2   | Killed a five-headed hydra
 14163 | Lair:2   | Found a hole to the Spider Nest.
 14194 | Lair:2   | Noticed Harold
 14208 | Lair:2   | Killed Harold
 14356 | Lair:2   | Found a staircase to the Swamp.
 14370 | Lair:2   | Noticed a seven-headed hydra
 14378 | Lair:2   | Killed a seven-headed hydra
 14659 | Lair:2   | Noticed Fannar
 14672 | Lair:2   | Killed Fannar
 14849 | Lair:2   | Received a gift from Nemelex Xobeh
 14880 | Lair:2   | Noticed a death yak
 14880 | Lair:2   | Noticed a death yak
 14935 | Lair:2   | Killed a death yak
 15007 | Lair:2   | Noticed a death yak
 15018 | Lair:2   | Killed a death yak
 15026 | Lair:2   | Killed a death yak
 15290 | Lair:3   | Reached ****** piety under Nemelex Xobeh
 15296 | Lair:3   | Noticed a death yak
 15296 | Lair:3   | Noticed a death yak
 15296 | Lair:3   | Noticed a death yak
 15296 | Lair:3   | Noticed a death yak
 15315 | Lair:3   | Killed a death yak
 15339 | Lair:3   | Killed a death yak
 15358 | Lair:3   | Banished a death yak
 15360 | Lair:3   | Banished a death yak
 15654 | Lair:3   | Reached XP level 13. HP: 105/118 MP: 17/17
 15674 | Lair:3   | Found a frozen archway.
 15697 | IceCv    | Entered an ice cave
 16515 | IceCv    | Noticed a reaper
 16528 | IceCv    | Killed a reaper
 17055 | Lair:3   | Received a gift from Nemelex Xobeh
 17737 | Lair:4   | Reached skill level 10 in Invocations
 18311 | Lair:4   | Got Sif Muna's Atlas of the Subterranean Wind
 19130 | Lair:5   | Entered Level 5 of the Lair of Beasts
 19130 | Lair:5   | Received a gift from Nemelex Xobeh
 19202 | Lair:5   | Identified the -1 trident of Eminent Domain {pain, Fly
                  | rPois rN+++ Str-3 Dex-2}
 19239 | Lair:5   | Reached XP level 14. HP: 96/126 MP: 23/23
 20028 | Lair:5   | Reached skill level 1 in Shields
 20285 | Lair:5   | Found a viscous altar of Jiyva.
 20287 | Lair:5   | Found a staircase to the Slime Pits.
 20352 | Lair:5   | Received a gift from Nemelex Xobeh
 21964 | D:12     | Received a gift from Nemelex Xobeh
 23156 | D:13     | Reached skill level 5 in Shields
 23215 | D:13     | Found a gate to the Vaults.
 23517 | D:14     | Found the +8 demon trident "Rift" {distort, reach+}
 23536 | D:14     | Noticed a profane servitor
 23556 | D:14     | Noticed an orc warlord
 23565 | D:14     | Noticed Koneso's ghost (journeyman DjCj)
 23831 | D:14     | Found a transporter.
 23834 | D:14     | Found a transporter.
 24179 | D:14     | Reached XP level 15. HP: 128/137 MP: 24/24
 24474 | D:14     | Found a one-way gate to the infinite horrors of the Abyss.
 24474 | D:14     | Received a gift from Nemelex Xobeh
 24625 | Orc:1    | Entered Level 1 of the Orcish Mines
 24821 | Orc:1    | Received a gift from Nemelex Xobeh
 24979 | Orc:1    | Found Meruur's Book Emporium.
 25280 | Orc:2    | Entered Level 2 of the Orcish Mines
 25322 | Orc:2    | Identified the -1 hand axe "Hellblazer" {freeze, rPois rF+
                  | Dex+2}
 25497 | Orc:2    | Found a roughly hewn altar of Beogh.
 25514 | Orc:2    | Found a roughly hewn altar of Beogh.
 25544 | Orc:2    | Found a roughly hewn altar of Beogh.
 25556 | Orc:2    | Found Arimpez's Magic Scroll Shoppe.
 25562 | Orc:2    | Bought a scroll of identify for 34 gold pieces
 25734 | Orc:2    | Received a gift from Nemelex Xobeh
 25946 | Orc:2    | Found Pusaf's Antique Weapon Boutique.
 25946 | Orc:2    | Found a roughly hewn altar of Beogh.
 25951 | Orc:2    | Found Paluhegi's Antique Armour Shop.
 26040 | Orc:2    | Found a staircase to the Elven Halls.
 26042 | Orc:2    | Found a roughly hewn altar of Beogh.
 26071 | Orc:2    | Found a roughly hewn altar of Beogh.
 26126 | Orc:2    | Found a roughly hewn altar of Beogh.
 26258 | Orc:2    | Found a roughly hewn altar of Beogh.
 26260 | Orc:2    | Found Dualus's Weapon Shop.
 26519 | Orc:1    | Received a gift from Nemelex Xobeh
 26714 | D:15     | Entered Level 15 of the Dungeon
 26900 | D:15     | Found a gate leading to a gauntlet.
 26923 | D:14     | Learned a level 1 spell: Apportation
 27030 | Gauntlet | Entered a Gauntlet
 27030 | Gauntlet | Found a transporter.
 27071 | Gauntlet | Found a transporter.
 27072 | Gauntlet | Found a transporter.
 27080 | Gauntlet | Found a transporter.
 27083 | Gauntlet | Found a transporter.
 27084 | Gauntlet | Found a transporter.
 27088 | Gauntlet | Found a runed translucent door.
 27092 | Gauntlet | Found a transporter.
 27095 | Gauntlet | Found a transporter.
 27096 | Gauntlet | Found a transporter.
 27104 | Gauntlet | Found a transporter.
 27104 | Gauntlet | Found a runed translucent door.
 27107 | Gauntlet | Found a transporter.
 27108 | Gauntlet | Found a transporter.
 27119 | Gauntlet | Found a transporter.
 27178 | Gauntlet | Found a transporter.
 27564 | Gauntlet | Identified the ring of Xiraell {rN+ rCorr SInv}
 27581 | Gauntlet | Identified the -1 quarterstaff of Aklu Hal {holy, rPois
                  | Will++}
 27582 | Gauntlet | Identified the +8 war axe "Egiabar" {speed, rF+}
 27624 | Gauntlet | Identified the +1 buckler of Makhleb's Regard {rF+ rC+ rN+}
 27799 | D:15     | Found a staircase to the Depths.
 27816 | D:15     | Reached skill level 1 in Axes
 27877 | D:15     | Received a gift from Nemelex Xobeh
 28094 | D:15     | Got the Volume of Assembling and Position
 28376 | Spider:1 | Entered Level 1 of the Spider Nest
 28727 | Spider:1 | Noticed Louise
 28743 | Spider:1 | Killed Louise
 28922 | Spider:1 | Received a gift from Nemelex Xobeh
 29097 | Spider:1 | Reached skill level 15 in Fighting
 29320 | Spider:1 | Reached XP level 16. HP: 124/149 MP: 25/25
 29548 | Spider:2 | Reached skill level 10 in Shields
 29748 | Spider:2 | Reached skill level 5 in Axes
 30367 | Spider:3 | Noticed Arachne
 30408 | Spider:3 | Killed Arachne
 30553 | Spider:3 | Identified the +8 whip of Voyclila {protect, Str+6}
 30615 | Spider:3 | Noticed Bai Suzhen
 30637 | Spider:3 | Killed Bai Suzhen
 30988 | Spider:3 | Received a gift from Nemelex Xobeh
 31587 | Orc:2    | Bought an ichor-stained crystal plate armour for 2295 gold
                  | pieces
 31587 | Orc:2    | Identified the +10 crystal plate armour of the Game of
                  | Kings {rPois rC+} (You bought it in a shop on level 2 of
                  | the Orcish Mines)
 31826 | Spider:4 | Entered Level 4 of the Spider Nest
 32072 | Spider:4 | Received a gift from Nemelex Xobeh
 32606 | Spider:4 | Reached XP level 17. HP: 103/156 MP: 5/26
 33135 | Spider:4 | Got a gossamer rune of Zot
 33373 | Swamp:1  | Entered Level 1 of the Swamp
 33415 | Swamp:1  | Noticed Donald
 33427 | Swamp:1  | Killed Donald
 33892 | Swamp:2  | Received a gift from Nemelex Xobeh
 34076 | Swamp:2  | Found a blossoming altar of Fedhas.
 34115 | Swamp:2  | Noticed Jorgrun
 34130 | Swamp:2  | Killed Jorgrun
 34253 | Swamp:2  | Noticed Nikola
 34275 | Swamp:2  | Killed Nikola
 34577 | Swamp:2  | Received a gift from Nemelex Xobeh
 34603 | Swamp:3  | Noticed a tentacled monstrosity
 34688 | Swamp:3  | Killed a tentacled monstrosity
 34929 | Swamp:3  | Identified a scroll of acquirement
 34930 | Swamp:3  | Acquired 1033 gold pieces
 35010 | Swamp:3  | Identified the orb of Parlour Games {guile, Slay+3}
 35185 | Swamp:3  | Reached skill level 15 in Armour
 35269 | Swamp:4  | Entered Level 4 of the Swamp
 35269 | Swamp:4  | Received a gift from Nemelex Xobeh
 35652 | Swamp:4  | Identified the serpent talisman "Lapat" {Dex+3}
 35652 | Swamp:4  | Noticed Aizul
 35666 | Swamp:4  | Killed Aizul
 35837 | Swamp:4  | Paralysed by a fenstrider witch for 2 turns
 36257 | Swamp:4  | Got a decaying rune of Zot
 36535 | Vaults:1 | Entered Level 1 of the Vaults
 36551 | Vaults:1 | Reached XP level 18. HP: 152/169 MP: 27/27
 36879 | Vaults:1 | Received a gift from Nemelex Xobeh
 37452 | Vaults:1 | Received a gift from Nemelex Xobeh
 37792 | Vaults:1 | Received a gift from Nemelex Xobeh
 37944 | Vaults:1 | Found Udugadaa's Distillery.
 37952 | Vaults:1 | Bought a potion of might for 56 gold pieces
 37952 | Vaults:1 | Bought a potion of curing for 42 gold pieces
 37952 | Vaults:1 | Bought a potion of mutation for 112 gold pieces
 38226 | Vaults:2 | Noticed a lich
 38249 | Vaults:2 | Killed a lich
 38513 | Vaults:2 | Identified the ring of Qoil {rN+ rCorr SInv}
 38542 | Vaults:2 | Noticed Norris
 38767 | Vaults:2 | Killed Norris
 38815 | Vaults:2 | Identified the +4 robe of Death's Door {Int+8 Dex-4 Stlth-
                  | Archmagi}
 38815 | Vaults:2 | Noticed Boris
 38839 | Vaults:2 | Killed Boris
 39373 | Vaults:2 | Received a gift from Nemelex Xobeh
 39460 | Vaults:2 | Found a staircase to the Crypt.
 39812 | Vaults:3 | Reached XP level 19. HP: 179/179 MP: 28/28
 40171 | Vaults:3 | Received a gift from Nemelex Xobeh
 40592 | Vaults:3 | Received a gift from Nemelex Xobeh
 41034 | Vaults:3 | Identified the -1 hand axe of Joyful Slaughter {flame,
                  | Str+5 Dex+3}
 41372 | Vaults:3 | Received a gift from Nemelex Xobeh
 41524 | Vaults:4 | Noticed Saint Roka
 41545 | Vaults:4 | Killed Saint Roka
 41866 | Vaults:4 | Noticed Jory
 41895 | Vaults:4 | Killed Jory
 42222 | Vaults:4 | Reached skill level 5 in Dodging
 43357 | Elf:1    | Entered Level 1 of the Elven Halls
 43366 | Elf:1    | Received a gift from Nemelex Xobeh
 43710 | Elf:1    | Reached skill level 10 in Evocations
 43768 | Elf:1    | Paralysed by an air elemental for 1 turns
 43771 | Elf:1    | Paralysed by an air elemental for 1 turns
 43944 | Elf:1    | Noticed Roxanne
 44435 | Elf:1    | Got the Disquisition on Spectres
 44763 | D:14     | Killed a profane servitor
 44771 | D:14     | Killed Koneso's ghost
 44779 | D:14     | Identified the +0 hat "Caanaadiot" {^Drain rN++ rCorr}
 45105 | Elf:2    | Received a gift from Nemelex Xobeh
 45429 | Elf:2    | Found a runed translucent gate.
 45430 | Elf:2    | Found a runed translucent gate.
 45430 | Elf:2    | Found a runed translucent gate.
 45559 | Elf:2    | Reached XP level 20. HP: 187/187 MP: 31/31
 45706 | Elf:2    | Received a gift from Nemelex Xobeh
 45745 | Elf:2    | Paralysed by an air elemental for 1 turns
 45749 | Elf:2    | Paralysed by an air elemental for 1 turns
 45800 | Elf:2    | Reached skill level 15 in Invocations
 46621 | Elf:2    | Identified the blade talisman of Philately {rElec rN+
                  | Dex+4}
 46754 | Elf:3    | Entered Level 3 of the Elven Halls
 46791 | Elf:3    | Received a gift from Nemelex Xobeh
 47278 | Elf:3    | Found Ireoffaiv's Assorted Antiques.
 47286 | Elf:3    | Bought a scroll of blinking for 345 gold pieces
 47361 | Elf:3    | Paralysed by an air elemental for 1 turns
 47701 | Elf:3    | Identified the +0 ice dragon scales of the Blessed Realm
                  | {*Corrode rF- rC++ Will+ Str+3}
 48089 | Elf:3    | Reached skill level 10 in Dodging
 48573 | Elf:3    | Identified the +1 short sword of the Seven Quests {heavy,
                  | rF+ rC- Str+3 Dex+3}
 48679 | Elf:3    | Identified the staff of Equivalence {rF- Str+5 Dex+4 Conj}
 48754 | Elf:3    | Got the Monograph on Rot and Conflagration
 48795 | Elf:3    | Got Rubuohyu's Verses on Bright Support
 48800 | Elf:3    | Got the Directory of Vibrant Vapour
 49102 | Depths:1 | Entered Level 1 of the Depths
 49102 | Depths:1 | Found Meupses's Demolitions Depot.
 49325 | Depths:1 | Received a gift from Nemelex Xobeh
 49433 | Depths:1 | Found a gateway to Hell.
 49747 | Depths:1 | Received a gift from Nemelex Xobeh
 49998 | Depths:1 | Found a runed translucent gate.
 49998 | Depths:1 | Found a runed translucent gate.
 49998 | Depths:1 | Found a runed translucent gate.
 49998 | Depths:1 | Noticed Muobrit's ghost (veteran FoHs)
 50000 | Depths:1 | Found a basalt altar of Yredelemnul.
 50200 | Depths:2 | Found a one-way gate leading to the halls of Pandemonium.
 50532 | Depths:2 | Found a one-way gateway to a ziggurat.
 50532 | Depths:2 | Noticed an ancient lich
 50532 | Depths:2 | Noticed a dread lich
 50722 | Depths:2 | Noticed a juggernaut
 51024 | Depths:2 | Killed a juggernaut
 51025 | Depths:2 | Reached XP level 21. HP: 175/194 MP: 33/33
 51274 | Depths:2 | Noticed a golden dragon
 51295 | Depths:2 | Killed a golden dragon
 51429 | Depths:2 | Received a gift from Nemelex Xobeh
 52774 | Depths:2 | Received a gift from Nemelex Xobeh
 52846 | Depths:2 | Found Big Baal Hell's Store.
 53262 | Depths:2 | Bought the +0 helmet of Beogh's Favour {rElec MP+9} for
                  | 2468 gold pieces
 53369 | Depths:3 | Noticed an ancient lich
 53373 | Depths:3 | Noticed an ancient lich
 53387 | Depths:3 | Killed an ancient lich
 53395 | Depths:3 | Killed an ancient lich
 53402 | Depths:3 | Got the Tome of the Invisible Loafs
 53418 | Depths:3 | Got the Almanac of Incinerated Chemistry
 53420 | Depths:3 | Got Hubletso's Vellum of the Fifth Circle and Resurrection
 53428 | Depths:3 | Found a shimmering blue altar of Sif Muna.
 53620 | Depths:3 | Got the Vademecum on Topological Injury
 53648 | Depths:3 | Got the Spellbook of Pathos
 53791 | Depths:3 | Identified the ring "Qofani Lyol" {*Slow MP+9 Dex+4}
 53795 | Depths:3 | Got Gloorx Vloq's Papyrus of Kindled Transfiguration
 53892 | Depths:3 | Identified the +3 robe "Fewnam" {Will- Str+6 Stlth+}
 53892 | Depths:3 | Noticed Boris
 53895 | Depths:3 | Received a gift from Nemelex Xobeh
 53909 | Depths:3 | Killed Boris
 53958 | Depths:3 | Found Fuydwi's Book Shop.
 55000 | Depths:4 | Entered Level 4 of the Depths
 55383 | Depths:4 | Found a shadowy altar of Dithmenos.
 55407 | Depths:4 | Reached XP level 22. HP: 199/203 MP: 35/35
 55418 | Depths:4 | Reached skill level 15 in Maces & Flails
 55757 | Depths:4 | Noticed a caustic shrike
 55757 | Depths:4 | Noticed a caustic shrike
 55757 | Depths:4 | Noticed a caustic shrike
 55757 | Depths:4 | Noticed a caustic shrike
 55767 | Depths:4 | Killed a caustic shrike
 55797 | Depths:3 | Killed a caustic shrike
 56332 | Depths:3 | Killed a caustic shrike
 56442 | Depths:3 | Killed a caustic shrike
 56506 | Depths:4 | Received a gift from Nemelex Xobeh
 56533 | Depths:4 | Acquired 1133 gold pieces
 57056 | Depths:4 | Noticed a golden dragon
 57067 | Depths:4 | Noticed a golden dragon
 57073 | Depths:4 | Killed a golden dragon
 57084 | Depths:4 | Killed a golden dragon
 57711 | Depths:4 | Noticed a golden dragon
 57741 | Depths:4 | Killed a golden dragon
 58185 | Depths:4 | Found a gate to the Realm of Zot.
 58222 | Depths:4 | Got Veutheix's Anthology of the Rebis and Conjuring
 58802 | Slime:1  | Entered Level 1 of the Pits of Slime
 58802 | Slime:1  | Received a gift from Nemelex Xobeh
 59200 | Slime:5  | Entered Level 5 of the Pits of Slime
 59215 | Slime:5  | Received a gift from Nemelex Xobeh
 59475 | Slime:5  | Noticed the Royal Jelly
 59499 | Slime:5  | Gained mutation: You do not regenerate when monsters are
                  | visible. [a shining eye]
 59729 | Slime:5  | Reached skill level 15 in Shields
 59799 | Slime:5  | Lost mutation: You do not regenerate when monsters are
                  | visible. [potion of mutation]
 59799 | Slime:5  | Gained mutation: Your system is resistant to poisons.
                  | (rPois) [potion of mutation]
 60086 | Slime:5  | Identified the +0 hand axe "Fiqimiob" {drain, Fly rElec
                  | Int-2}
 60099 | Slime:5  | Killed the Royal Jelly
 60100 | Slime:5  | Reached XP level 23. HP: 204/213 MP: 36/36
 60164 | Slime:5  | Found the +18 shield of the Gong {Loud rN+ Will+ rCorr
                  | EV-5}
 60177 | Slime:5  | Identified the amulet of Tepol {Regen+ Int+2}
 60238 | Slime:5  | Got a slimy rune of Zot
 60241 | Slime:5  | Identified the ring of Qaukit {Ice rElec Slay+3}
 60254 | Slime:5  | Got the Octavo of the Wyrd and Nephomancy
 60271 | Slime:5  | Acquired 699 gold pieces
 60873 | Vaults:5 | Entered Level 5 of the Vaults
 60873 | Vaults:5 | Noticed an ancient lich
 60873 | Vaults:5 | Noticed a dread lich
 60873 | Vaults:5 | Noticed Mara
 60876 | Vaults:5 | Received a gift from Nemelex Xobeh
 60933 | Vaults:5 | Killed an ancient lich
 60940 | Vaults:5 | Noticed an ancient lich
 60960 | Vaults:5 | Killed an ancient lich
 61087 | Vaults:5 | Identified the ring "Kikaut" {rN+ Int-4 Dex+6}
 61196 | Vaults:5 | Paralysed by a sphinx for 5 turns
 61261 | Vaults:5 | Noticed Mennas
 61270 | Vaults:5 | Identified the ring of Peace {Str+6 SInv}
 61299 | Vaults:5 | Noticed a dread lich
 61383 | Vaults:5 | Identified the staff of Xidauliq {^Fragile rElec Str+2
                  | Int+4 Air}
 61635 | Vaults:5 | Killed a dread lich
 61703 | Vaults:5 | Identified the +7 sling "Teneock" {freeze, *Slow rPois rF+}
 62291 | Vaults:5 | Received a gift from Nemelex Xobeh
 62398 | Vaults:5 | Noticed an ancient lich
 62408 | Vaults:5 | Killed an ancient lich
 62547 | Vaults:5 | Killed Mara
 62548 | Vaults:5 | Reached XP level 24. HP: 212/224 MP: 36/36
 62968 | Vaults:5 | Killed a dread lich
 63173 | Vaults:5 | Got a silver rune of Zot
 63554 | Vaults:5 | Killed Mennas
 64063 | Crypt:1  | Entered Level 1 of the Crypt
 64063 | Crypt:1  | Noticed Vv
 64087 | Vaults:2 | Killed Vv
 64725 | Crypt:1  | Noticed Grunn
 64746 | Crypt:1  | Killed Grunn
 64828 | Crypt:1  | Received a gift from Nemelex Xobeh
 64874 | Crypt:1  | Identified the +2 leather armour of the Ageless Suns {Harm
                  | rF- rN+++ Will-}
 65165 | Crypt:1  | You fall into a shaft and drop 1 floor!
 65374 | Crypt:2  | Received a gift from Nemelex Xobeh
 65919 | Crypt:2  | Identified the orb of the Zebrataur {*channel, Harm Rampage
                  | *Slow Int+4}
 65919 | Crypt:2  | Noticed Frederick
 66004 | Crypt:2  | Killed Frederick
 66652 | Depths:2 | Bought the ring "Yshufaup" {rF++ rC+ rN+ rCorr Dex-2} for
                  | 3491 gold pieces
 66946 | Crypt:3  | Entered Level 3 of the Crypt
 67501 | Crypt:3  | Found a staircase to the Tomb.
 67513 | Crypt:3  | Identified the ring of Inyv {rElec rPois Str-3 SInv Stlth+}
 67666 | Crypt:3  | Identified the staff "Duigamn" {^Drain rF+ Int+4 Fire Air
                  | Alchemy}
 67709 | Crypt:3  | Reached XP level 25. HP: 223/232 MP: 36/36
 67731 | Crypt:3  | Found an ancient bone altar of Kikubaaqudgha.
 67731 | Crypt:3  | Noticed a dread lich
 67753 | Crypt:3  | Killed a dread lich
 67793 | Crypt:3  | Identified the +10 shortbow of the Tusks {freeze, Fly rCorr
                  | Str+6 Int-5}
 67828 | Crypt:3  | Noticed Sojobo
 67836 | Crypt:3  | Killed Sojobo
 68775 | Zot:1    | Entered Level 1 of the Realm of Zot
 68827 | Zot:1    | Received a gift from Nemelex Xobeh
 70531 | Zot:3    | Received a gift from Nemelex Xobeh
 71064 | Zot:3    | Received a gift from Nemelex Xobeh
 71343 | Zot:5    | Entered Level 5 of the Realm of Zot
 71343 | Zot:5    | Found a transporter.
 71343 | Zot:5    | Found a transporter.
 72208 | Zot:5    | Noticed a dread lich
 72208 | Zot:5    | Noticed an orb of fire
 72208 | Zot:5    | Noticed a Killer Klown
 72210 | Zot:5    | Gained mutation: You are vulnerable to cold. (rC-) [an orb
                  | of fire]
 72233 | Zot:5    | Killed an orb of fire
 72239 | Zot:5    | Killed a Killer Klown
 72245 | Zot:5    | Killed a dread lich
 72251 | Zot:5    | Noticed an orb of fire
 72262 | Zot:5    | Noticed a Killer Klown
 72275 | Zot:5    | Reached XP level 26. HP: 224/249 MP: 36/36
 72276 | Zot:5    | Killed an orb of fire
 72345 | Zot:5    | Noticed an orb of fire
 72366 | Zot:5    | Killed an orb of fire
 72370 | Zot:5    | Noticed an ancient lich
 72381 | Zot:5    | Killed an ancient lich
 72474 | Zot:5    | Received a gift from Nemelex Xobeh
 72803 | Zot:5    | Noticed a dread lich
 73057 | Zot:5    | Killed a dread lich
 73080 | Zot:5    | Got the Orb of Zot
 73116 | Zot:5    | Noticed a seraph
 73415 | D:15     | Noticed a seraph
 73685 | D:3      | Noticed Cucsoirph the pandemonium lord
 73887 | D:$      | Escaped with the Orb!

Illustrated notes

Levels and vault maps discovered:
D:1:      evilmike_arrival_plus, layout_basic
D:2:      layout_basic, shapermc_ecumenical_altar_pompeii, uniq_jessica,
          uniq_sigmund
D:3:      layout_loops_ring, minmay_randomly_rotated_circles, uniq_grinder,
          uniq_crazy_yiuf_cottage
D:4:      layout_cave_pools, uniq_menkaure
D:5:      layout_basic
D:6:      layout_basic, mainiacjoe_overflow_paths, minmay_temple_entry_fiery,
          cheibrodos_sewer_entry_bend, minmay_misc_feat_columns,
          chequers_mini_garden, minivault_22, uniq_maggie, uniq_jeremiah
D:7:      layout_cave_pools
D:8:      layout_basic, dpeg_oklobed_lair, uniq_joseph, uniq_erica
D:9:      layout_loops_corners
D:10:     layout_loops_ring, serial_glass, glass_columns_b, glass_columns_b,
          item_on_display_a, minmay_strange_pillars, uniq_snorg, uniq_josephine
D:11:     layout_roguey, hiddenorc1_lemuel,
          nicolae_concentric_dashed_squares_mild
D:12:     layout_basic
D:13:     layout_loops_ring, david_vaults_4
D:14:     layout_roguey, gammafunk_ghost_abyssal_escape
D:15:     hangedman_depths_entry_try_elsewhere_first, layout_cave_pools,
          grunt_decor_mini_mirrors, gauntlet_entry_generic
Lair:1:   layout_roguey, nicolae_volcano_entry_lava_flow, minivault_25,
          disabler_island, grunt_megastairs_1
Lair:2:   layout_misc_corridors, minmay_swamp_entry_worms,
          spider_nest_entry_webs, grunt_forest_stairs_clearing, uniq_harold,
          uniq_fannar
Lair:3:   layout_chaotic_city, portal_ice_cave_entry_ice_simulacra,
          gammafunk_lair_bear_cave
Lair:4:   layout_cave_pods, serial_bayou_shore_b, grunt_megastairs_3
Lair:5:   gammafunk_lair_ancient_temple, layout_regular_city, slime_entry_2
Swamp:1:  layout_falls_marsh, evilmike_swamp_ruin_house_4, uniq_donald
Swamp:2:  layout_basic_swamp, nicolae_swamp_godswood,
          nicolae_swamp_nymph_family_reunion, uniq_nikola, uniq_jorgrun
Swamp:3:  layout_falls_marsh, nicolae_swamp_decorative_isthmus,
          infiniplex_staircase_pool_2
Swamp:4:  swamp_alternative, layout_basic_swamp, uniq_aizul
Spider:1: layout_spider_delve, nicolae_spider_bzzzt, uniq_louise
Spider:2: layout_spider_delve
Spider:3: layout_spider_delve, uniq_bai_suzhen, uniq_arachne
Spider:4: guppyfry_spider_rune
Slime:1:  layout_caves
Slime:2:  layout_caves, cheibrodos_slime_lost_civilization_7
Slime:3:  layout_caves
Slime:4:  layout_caves, nicolae_slime_welcoming_committee
Slime:5:  slime_pit_nicolae_royal_road_to_ruin
Orc:1:    layout_caves, serial_shops, shop
Orc:2:    grunt_orc_community_town_hall, layout_caves,
          grunt_orc_community_big_house_1, grunt_orc_community_big_house_2,
          grunt_orc_community_house_2, grunt_orc_community_house_2,
          grunt_orc_community_house_1, grunt_orc_community_house_2,
          grunt_orc_community_house_1, grunt_orc_community_house_2
Elf:1:    minmay_elf_arrival_summoners, layout_gridlike, minmay_elf_necromancy,
          uniq_roxanne
Elf:2:    nicolae_elf_blades_crystal_corner, layout_loops_ring, st_stairs_8,
          grunt_ministairs_8
Elf:3:    grunt_elf_hall_branching, layout_loops_corners, serial_shops, shop,
          nicolae_twisty_statue_hallways
Vaults:1: nicolae_vaults_tetromino_L_2, v_misc_9, nicolae_vaults_turnstiles,
          nicolae_vaults_shipping_containers_3,
          ontoclasm_vaults_decontamination, grunt_vaults_twisty,
          ontoclasm_vaults_ring_square, nicolae_vaults_mini_display_case,
          hangedman_vaults_restitches, nicolae_vaults_yaktaur_gun_rack,
          nicolae_vaults_tetromino_T_2, nicolae_vaults_diamond_2,
          vaults_dpeg_ring, layout_vaults_chaotic_city, serial_shops,
          nicolae_shop_temple_entry_statues_fountains
Vaults:2: nicolae_vaults_shelves_hall, minmay_crypt_entry_simple_sparse,
          nicolae_vaults_sightless_eye, nicolae_vaults_trapezoid_layered,
          grunt_vaults_hallway_long, nicolae_vaults_frosty_reception,
          nicolae_vaults_alarming, st_octagons_1, nicolae_vaults_specimen_jars,
          vaults_room_pools, nicolae_vaults_house_1,
          nicolae_vaults_shrinking_rooms_2, vaults_room_fours, v_alt_pattern_2,
          nicolae_vaults_trapezoid_lopsided_1, v_misc_16,
          layout_vaults_maze_bifur, uniq_boris, uniq_norris
Vaults:3: nicolae_vaults_network_periphery, nicolae_vaults_network_quinsquares
          [nicolae_vaults_network_quincunx_subvault,
          nicolae_vaults_network_quincunx_subvault,
          nicolae_vaults_network_quincunx_subvault,
          nicolae_vaults_network_quincunx_subvault], ontoclasm_vaults_chip,
          vaults_room_semicircle, nicolae_vaults_heist, nicolae_vaults_house_3,
          nicolae_vaults_tetromino_Z_1, layout_vaults_quadrants
Vaults:4: nicolae_vaults_storage_room_water, grunt_vaults_trifunnel,
          vaults_room_large_hall, ontoclasm_vaults_claustrophobia,
          ontoclasm_vaults_chip, nicolae_vaults_mitosis, v_misc_1,
          nicolae_vaults_little_squares_1, nicolae_vaults_tangram_1,
          nicolae_vaults_prndl, v_misc_15, layout_vaults_omnibox,
          uniq_saint_roka, uniq_jory
Vaults:5: uniq_mara, uniq_mennas
Crypt:1:  layout_basic, small_statue_intersection, uniq_grunn, uniq_vv
Crypt:2:  minmay_shadows, layout_chaotic_city, grunt_megastairs_2,
          lemuel_upstairs_altar, uniq_frederick
Crypt:3:  cryptofortress_bobbens, uniq_sojobo
Depths:1: layout_small_grid, pf_hell_entry_tar_spiral, minmay_misc_feat_square,
          nicolae_blasting_shop, nicolae_yredelemnul_ghost_church
Depths:2: minmay_expanding_squares, layout_gridlike, enter_ziggurat_d,
          minmay_staircase_statues_hall_small, nicolae_hell_entry_big_baal_hell,
          rand_demon_pan_entry_3
Depths:3: evilmike_library_of_no_secrets, layout_gridlike, hell_entry,
          abyss_entry_small_statue_room, serial_shops, shop,
          serial_library_hellmonk_long_bookcase, grunt_megastairs_5,
          minmay_staircase_bubble
Depths:4: lemuel_castle_with_subvaults [lemuel_castle_interior_carwin_1],
          layout_cross, hell_entry, abyss_entry_crystal,
          nicolae_dithmenos_the_darkroom, uniq_josephina
Zot:1:    layout_cathedral_of_symmetry, regret_index_zotdec_decaying_basic
Zot:2:    layout_gridlike
Zot:3:    lemuel_draconian_sentries, layout_gridlike, bh_zot_ikea_curve
Zot:4:    layout_gridlike
Zot:5:    layout_onion, nicolae_diode_stairs

Skill      XL: |  1  2  3  4  5  6  7  8  9 10 11 12 13 14 15 16 17 18 19 20 21 22 23 24 25 26 |
---------------+-------------------------------------------------------------------------------+-----
Fighting       | 3 4 5 6 8 9 10 12 13 15 17 18 19 20 21 22 24 | 24.4
Armour         | 1 2 4 6 7 9 10 12 13 16 18 20 22 23 24 | 24.0
Maces & Flails | 4 5 6 8 9 10 12 13 14 15 16 19 | 19.2
Evocations     | 2 6 7 10 | 10.0
Invocations    | 4 5 6 12 14 16 18 | 18.0
Shields        | 6 9 11 12 15 18 | 18.0
Axes           | 3 8 |  8.4
Dodging        | 3 6 11 12 | 12.0

Action                     |  1- 3 |  4- 6 |  7- 9 | 10-12 | 13-15 | 16-18 | 19-21 | 22-24 | 25-27 || total
---------------------------+-------+-------+-------+-------+-------+-------+-------+-------+-------++-------
  Melee: Mace              |    34 |    63 |    36 |       |       |       |       |       |       ||   133
         Tailslap          |     4 |    13 |    63 |   121 |   303 |   317 |   522 |   681 |   397 ||  2421
         Flail             |       |       |   278 |   545 |   346 |       |       |       |       ||  1169
         Morningstar       |       |       |       |       |   698 |       |       |       |       ||   698
         Demon whip        |       |       |       |       |   194 |  1440 |  2102 |  2440 |  1367 ||  7543
         War axe           |       |       |       |       |       |    35 |    38 |     5 |       ||    78
         Unarmed           |       |       |       |       |       |       |       |     8 |       ||     8
  Throw: Boomerang         |    23 |     3 |    21 |       |    27 |    14 |     9 |    28 |    17 ||   142
         Javelin           |       |       |     2 |       |       |       |       |       |       ||     2
         Dart              |       |       |       |     7 |    13 |       |       |       |       ||    20
         Throwing net      |       |       |       |       |     1 |       |       |       |       ||     1
   Cast: Apportation       |       |       |       |       |     5 |       |       |       |       ||     5
 Invoke: Draw Summoning    |       |     1 |     1 |     9 |    17 |    14 |     6 |    12 |     6 ||    66
         Draw Destruction  |       |       |    14 |    12 |    12 |     5 |    11 |     9 |       ||    63
         Stack Five        |       |       |       |     2 |     2 |       |     2 |     2 |     1 ||     9
         Draw Stack        |       |       |       |     5 |     6 |     5 |     7 |     8 |     4 ||    35
         Draw Escape       |       |       |       |       |     2 |       |     2 |       |       ||     4
         Deal Four         |       |       |       |       |     3 |     4 |     3 |     7 |     4 ||    21
  Evoke: Wand              |       |       |       |    12 |    53 |    14 |    26 |    17 |    17 ||   139
         Phial of floods   |       |       |       |       |     1 |     2 |     2 |     2 |     1 ||     8
         Sack of spiders   |       |       |       |       |       |     2 |     3 |     5 |     2 ||    12
         Phantom mirror    |       |       |       |       |       |     1 |     1 |     1 |       ||     3
         Tin of tremorston |       |       |       |       |       |       |     8 |     7 |     4 ||    19
         Lightning rod     |       |       |       |       |       |       |       |       |     6 ||     6
    Use: Scroll            |     4 |     1 |    12 |     8 |    28 |     8 |     8 |    24 |    18 ||   111
         Potion            |       |     2 |     1 |     2 |     4 |     7 |     6 |    12 |    16 ||    50
   Stab: Paralysed         |       |       |       |    20 |    20 |    13 |       |     9 |     2 ||    64
         Petrified         |       |       |       |     5 |     4 |     7 |       |     9 |     4 ||    29
         Invisible         |       |       |       |     2 |       |    21 |     6 |       |    17 ||    46
         Petrifying        |       |       |       |     1 |       |     3 |       |       |       ||     4
         Distracted        |       |       |       |       |     1 |     4 |     2 |     3 |     3 ||    13
         Confused          |       |       |       |       |       |     1 |     1 |     4 |     3 ||     9
         Held in net/web   |       |       |       |       |       |       |       |     1 |       ||     1
         Fleeing           |       |       |       |       |       |       |       |       |     1 ||     1
 Armour: Chain mail        |    21 |    45 |   302 |   377 |   894 |   271 |       |       |       ||  1910
         Plate armour      |       |       |       |       |    62 |       |       |       |       ||    62
         Crystal plate arm |       |       |       |       |       |  1060 |  1452 |  2176 |  1164 ||  5852
         Skin              |       |       |       |       |       |       |       |     2 |     2 ||     4
  Dodge: Dodged            |     6 |    12 |    90 |   285 |   656 |   445 |   503 |   388 |   150 ||  2535
  Block: Buckler           |       |       |       |       |    36 |   430 |   445 |   600 |       ||  1511
         Kite shield       |       |       |       |       |    12 |       |       |   171 |   561 ||   744

Table legend: (Time is in decaauts)
 A = Elapsed time spent in this place.
 B = Non-inter-level travel time spent in this place.
 C = Inter-level travel time spent in this place.
 D = Time resting spent in this place.
 E = Time spent auto-exploring this place.
 F = Levels seen in this place.
 G = Mean time per level.
                   A        B        C        D        E       F      G
               +--------+--------+--------+--------+--------+-----+--------+
         Total |  70222 |  62822 |   7400 |   7610 |  40251 |  59 | 1190.2 |
       Dungeon |  19669 |  16383 |   3286 |   1537 |  10912 |  15 | 1311.3 |
          Lair |   7369 |   6653 |    716 |    703 |   4459 |   5 | 1473.8 |
         Swamp |   2777 |   2642 |    135 |    169 |   1986 |   4 |  694.2 |
   Spider Nest |   4266 |   4041 |    225 |    283 |   2876 |   4 | 1066.5 |
    Slime Pits |   1485 |   1378 |    107 |    632 |     89 |   5 |  297.0 |
  Orcish Mines |   2192 |   1766 |    426 |    167 |   1145 |   2 | 1096.0 |
   Elven Halls |   4737 |   4485 |    252 |    503 |   3171 |   3 | 1579.0 |
        Vaults |   9665 |   8805 |    860 |    782 |   6351 |   5 | 1933.0 |
         Crypt |   3302 |   3108 |    194 |     88 |   2099 |   3 | 1100.7 |
        Depths |   8866 |   7928 |    938 |    899 |   5389 |   4 | 2216.5 |
           Zot |   3905 |   3648 |    257 |   1181 |   1209 |   5 |  781.0 |
         Sewer |    330 |    330 |      0 |      2 |    180 |   1 |  330.0 |
      Ice Cave |    980 |    980 |      0 |    487 |    206 |   1 |  980.0 |
       Volcano |      5 |      5 |      0 |      0 |      0 |   1 |    5.0 |
      Gauntlet |    667 |    667 |      0 |    173 |    178 |   1 |  667.0 |
               +--------+--------+--------+--------+--------+-----+--------+

Top non-repeatable levels by time:
Depths:3: 2803 daAuts
Vaults:5: 2776 daAuts
Depths:4: 2422 daAuts
     D:1: 2374 daAuts
Depths:2: 2128 daAuts
   Elf:3: 1925 daAuts
Vaults:1: 1827 daAuts
Vaults:2: 1752 daAuts
  Lair:5: 1721 daAuts
    D:11: 1699 daAuts
Vaults:3: 1679 daAuts
Vaults:4: 1629 daAuts
     D:9: 1623 daAuts
     D:2: 1602 daAuts
  Lair:4: 1573 daAuts
